 Dungeon Crawl Stone Soup version 0.31-a0-232-gb1c03b2570 (webtiles) character file.

Game seed: 7870818901112301886

6 qw the Vexing (level 1, -2/12 HPs)
             Began as a Gargoyle Hexslinger on July 6, 2023.
             Slain by a kobold
             ... wielding a +0 dagger
              (3 damage)
             ... on level 1 of the Dungeon.
             The game lasted 00:00:02 (90 turns).

qw the Vexing (Gargoyle Hexslinger)                   Turns: 90, Time: 00:00:03

Health: -2/12      AC:  4    Str: 11    XL:     1   Next: 90%
Magic:  2/2        EV:  9    Int: 13    God:
Gold:   21         SH:  0    Dex: 12    Spells: 1/2 levels left

rFire   . . .        a - +1 sling
rCold   . . .        (no shield)
rNeg    + . .        c - +0 robe
rPois   inf          (no helmet)
rElec   +            (no cloak)
rCorr   .            (no gloves)
SInv    .            (no boots)
Will    .....        (no amulet)
Stlth   +            (no ring)
HPRegen 0.22/turn    (no ring)
MPRegen 0.08/turn

%: no passive effects
@: constricted
A: sickness immunity, AC +2, negative energy resistance 1, electricity
resistance, torment resistance 1, petrification resistance
a: no special abilities


You were on level 1 of the Dungeon.
You visited 1 branch of the dungeon, and saw 1 of its levels.

You collected 21 gold pieces.


Innate Abilities, Weirdness & Mutations

You are immune to sickness and miasma.
Your stone body is resilient. (AC +2)
You are immune to poison.
You resist negative energy. (rN+)
You are resistant to electric shocks. (rElec)
You are resistant to unholy torment.
You are immune to petrification.


   Skills:
 - Level 1.1 Fighting
 + Level 2.6 Ranged Weapons
 - Level 1.5 Dodging
 - Level 1.0 Spellcasting
 - Level 2.6 Hexes


You had one spell level left.
You knew the following spells:

 Your Spells              Type           Power      Damage    Failure   Level
a - Slow                  Hex            28%        N/A       10%         1

Your spell library contained the following spells:

 Spells                   Type           Power      Damage    Failure   Level
 Inner Flame              Hex/Fire       4%         N/A       43%         3
 Portal Projectile        Hex/Tloc       8%         N/A       43%         3
 Cause Fear               Hex            3%         N/A       67%         4

Inventory:

Hand Weapons
 a - a +1 sling (weapon)
Armour
 c - a +0 robe (worn)
Scrolls
 b - a scroll of poison
 e - a scroll of blinking {unknown}
Potions
 d - 2 potions of curing {unknown}

Dungeon Overview and Level Annotations

Branches:
Dungeon (1/15)

Altars:


Message History

You shoot a sling bullet. The sling bullet hits the ball python.
The ball python is heavily wounded.
You shoot a sling bullet.
The sling bullet closely misses the ball python.
A rat comes into view.
You shoot a sling bullet. The sling bullet hits the ball python.
You kill the ball python!
You shoot a sling bullet. The sling bullet hits the rat.
You kill the rat!
A ball python and a dart slug come into view.
Found a ring mail and a scale mail.
A kobold comes into view. It is wielding a +0 dagger.
You shoot a sling bullet. The sling bullet hits the dart slug.
The dart slug is moderately wounded.
The dart slug launches a dart at you. The slug dart hits you.
You shoot a sling bullet. The sling bullet hits the dart slug.
The dart slug is almost dead.
The ball python hisses angrily.
The dart slug launches a dart at you. The slug dart hits you.
You shoot a sling bullet.
The sling bullet barely misses the kobold.
The dart slug launches a dart at you. The slug dart misses you.
You shoot a sling bullet.
The sling bullet closely misses the kobold.
A hobgoblin comes into view.
You shoot a sling bullet.
The sling bullet closely misses the ball python.
The hobgoblin shouts!
The sling bullet hits the dart slug.
You kill the dart slug!
You shoot a sling bullet.
The sling bullet barely misses the kobold.
The ball python bites you. The ball python barely misses you.
The kobold hits you with a +0 dagger. The ball python bites you.
The ball python grabs you. The ball python constricts you.
The kobold hits you with a +0 dagger.
You die...

.....[.... #.........
## ##.g....... ..
..........
#.##..!......
.........[. #.SK......
#%@# ######.######
######......P....###
#.......PP..........
.........)¤¤~.P.~~~....
.¤¤.~~~~~~~~~PP.~~~~~~~
.~~¤~¤~~~~~~~..P~~~~~~~
¤¤¤~#~~~~¤~##'''##~~~~~
~~~.
#~¤~#~~¤¤###.....###~~~
#~~~


You could see a hobgoblin, a ball python and a kobold.

Vanquished Creatures
  A dart slug (D:1)
  A ball python (D:1)
  A giant cockroach (D:1)
  A rat (D:1)
4 creatures vanquished.

Notes
Turn   | Place    | Note
-------+----------+-------------------------------------------
     0 | D:1      | qw the Gargoyle Hexslinger began the quest for the Orb.
     0 | D:1      | Reached XP level 1. HP: 12/12 MP: 2/2
     0 | D:1      | 0 ||| qw: Version: 0.3-a-46-gb1f654a
     0 | D:1      | 0 ||| qw: Game counter: 2088
     0 | D:1      | 0 ||| qw: Melee chars always use a shield: true
     0 | D:1      | 0 ||| qw: God list: Okawaru
     0 | D:1      | 0 ||| qw: Allow faded altars: false
     0 | D:1      | 0 ||| qw: Do Orc after clearing Dungeon:15 true
     0 | D:1      | 0 ||| qw: Do second Lair branch before Depths: true
     0 | D:1      | 0 ||| qw: Lair rune preference: random
     0 | D:1      | 0 ||| qw: Goals: Normal
     0 | D:1      | 0 ||| PLANNING D:1-11
    90 | D:1      | HP: 3/12 [kobold/+0 dagger (3)]
    90 | D:1      | HP: 1/12 [ball python (2)]
    90 | D:1      | Slain by a kobold

Levels and vault maps discovered:
D:1:      dpeg_arrival_water_fire, layout_loops_ring, minmay_distorted

Action                     || total
---------------------------++-------
   Fire: Sling             ||    14
  Dodge: Dodged            ||     2

Table legend:
 A = Non-vault XP
 B = Vault XP
 C = Vault XP percentage of total XP
 D = Non-vault monster count
 E = Vault monster count
 F = Vault count percentage of total count
                 A         B        C        D         E       F
            +---------+---------+-------+---------+---------+-------
      Total |       9 |       0 |   0.0 |       4 |       0 |   0.0
            +---------+---------+-------+---------+---------+-------
        D:1 |       9 |       0 |   0.0 |       4 |       0 |   0.0
            +---------+---------+-------+---------+---------+-------
